 Dungeon Crawl Stone Soup version 0.29-a0-323-g050149af67 (webtiles) character file.

Game seed: 9432879598193760958

513 spaghetti the Cutter (level 7, -4/46 HPs)
             Began as an Octopode Cinder Acolyte on Apr 10, 2022.
             Was a Priest of Ignis.
             Slain by Edmund
             ... wielding a +7 flail of draining
              (18 damage)
             ... on level 6 of the Dungeon.
             The game lasted 00:04:49 (4241 turns).

spaghetti the Cutter (Octopode Cinder Acolyte)      Turns: 4241, Time: 00:04:50

Health: -4/46      AC:  1    Str: 14    XL:     7   Next: 20%
Magic:  8/8        EV: 11    Int: 16    God:    Ignis [***...]
Gold:   322        SH:  9    Dex:  9    Spells: 8/8 levels left

rFire   + . .      SeeInvis .   e - +0 short sword {short}
rCold   . . .      Faith    .   t - +2 buckler
rNeg    . . .      Spirit   .   (helmet restricted)
rPois   .          Reflect  +   o - amulet of reflection
rElec   .          Harm     .   c - +4 ring of slaying
rCorr   .          Rampage  .   (no ring)
Will    .....                   (no ring)
Stlth   ++++......              (no ring)
HPRegen 0.15/turn               (no ring)
MPRegen 0.11/turn               (no ring)
                                (no ring)
                                (no ring)

@: about to teleport
A: almost no armour, amphibious, 8 rings, camouflage 1, gelatinous body 1,
(nimble swimmer 1), tentacles
a: Renounce Religion, Fiery Armour, Foxfire Swarm, Rising Flame


You were on level 6 of the Dungeon.
You worshipped Ignis.
Ignis was most pleased with you.
You visited 1 branch of the dungeon, and saw 6 of its levels.

You collected 322 gold pieces.


Innate Abilities, Weirdness & Mutations

You cannot wear most types of armour.
You are amphibious.
You can wear up to eight rings at the same time.
Your skin changes colour to match your surroundings (Stealth+).
Your rubbery body absorbs attacks. (AC +1, EV +1)
((You are camouflaged when in or above water. (Stealth+)))
You have tentacles for arms and can constrict up to eight enemies at once.


   Skills:
 - Level 3.0 Fighting
 + Level 7.0 Short Blades
 + Level 5.1 Stealth
 - Level 1.0 Spellcasting
 - Level 3.0 Fire Magic


You had 8 spell levels left.
You didn't know any spells.
Your spell library contained the following spells:

 Spells                   Type           Power      Damage    Failure   Level
 Scorch                   Fire           20%        2d6       14%         2
 Shock                    Conj/Air       0%         1d3       30%         1
 Swiftness                Air            0%         N/A       67%         3
 Flame Wave               Conj/Fire      5%         2d5       86%         4
 Airstrike                Air            0%         N/A       97%         4
 Summon Cactus Giant      Summ           0%         N/A       100%        6

Inventory:

Hand Weapons
 a - a -1 short sword of flaming {short}
 e - a +0 short sword (weapon) {short}
   (You took it off a kobold on level 1 of the Dungeon)
 l - a +0 short sword {short}
   (You found it on level 2 of the Dungeon)
 m - a +0 short sword {short}
   (You took it off a kobold on level 2 of the Dungeon)
 u - a +0 vorpal hunting sling {sling}
   (You took it off a goblin on level 3 of the Dungeon)
 v - a +0 rapier {short}
   (You took it off an orc on level 3 of the Dungeon)
 y - a +4 hand axe {axe}
   (You found it on level 4 of the Dungeon)
Missiles
 b - 141 stones (quivered) {throwing}
 i - 12 poisoned darts {throwing}
Armour
 t - a +2 buckler (worn)
   (You found it on level 3 of the Dungeon)
Jewellery
 c - a +4 ring of slaying (left tentacle)
   (You found it on level 1 of the Dungeon)
 o - an amulet of reflection (around mantle)
   (You found it on level 3 of the Dungeon)
Wands
 x - a wand of paralysis (3)
   (You found it on level 4 of the Dungeon)
Scrolls
 g - a scroll of brand weapon {unknown}
 h - 2 scrolls of enchant weapon {unknown}
 k - 2 scrolls of amnesia {unknown}
 n - 6 scrolls of identify {unknown}
 r - a scroll of holy word {unknown}
Potions
 d - 2 potions of heal wounds {@q2}
 f - 3 potions of degeneration {unknown}
 p - 2 potions of cancellation {unknown}
 q - a potion of curing {unknown}
 s - a potion of lignification {unknown}
 w - a potion of resistance {unknown}
 z - a potion of brilliance {unknown}
 A - a potion of flight {unknown}

Dungeon Overview and Level Annotations

Branches:
Dungeon (5/15)
 Temple: D:4-7

Altars:
Nemelex Xobeh

Annotations:
D:6 Edmund

... ....###
.#.##..#####......
................####
...##..............#
...................
##..#.F............
##..$...n...........
#..≈P≈.lSh..........
...≈≈≈.@............
.#.≈≈≈@.............
#....#.............
##.###......#......
# ...#######.#...
##### .#.#. .


You could see Edmund, a black bear, a necrophage, a bullfrog, an iguana and an
adder.


Message History

Unknown command.
Okay, then.
The orc attacks as you move away! The orc barely misses you.
The orc attacks as you move away! You block the orc's attack. 😮 HP[+1]
There is a stone staircase leading down here.
The orc barely misses you.
The orc priest mumbles some strange prayers to Beogh against you.
Beogh smites you!
* * * LOW HITPOINT WARNING * * *
You climb downwards.
There is a stone staircase leading up here. 😨 HP[-11]
You take 11 damage, and now have 13/46 hp.
MASSIVE DAMAGE!! (PAUSE) Unknown command.
Unknown command.
Activating: Foxfire Swarm
Press: ? - help, Dir - look around, f - activate Flames leap up around you!
The orc closely misses you.
Okay, then.
Aiming: Paralyse
Press: ? - help, Shift-Dir - straight line, f - jelly
Aim: a jelly (ally target, chance to affect: 57%)
The jelly resists with significant effort.
The foxfire hits the jelly. x3; The foxfire hits the orc. x2
You kill the orc!
The foxfire hits the jelly.
You block the jelly's attack.
Aiming: Paralyse
Press: ? - help, Shift-Dir - straight line, f/p - jelly
Aim: a jelly (severely wounded, chance to affect: 57%)
The jelly suddenly stops moving!
The helpless jelly fails to defend itself.
You impale the jelly!!
You kill the jelly!
Your Stealth skill increases to level 5! 😨 HP[+1]
You start resting. 😎 HP[+32]
Your hp is fully restored (46).
Things that are here:
a +0 club {mace}; a +0 leather armour; an orc skeleton An adder comes into view.
An adder is nearby!
An adder is nearby!
An adder is nearby!
An ogre comes into view. It is wielding a +0 giant spiked club.
The ogre shouts!
You hear a shout!
A gnoll shaman comes into view. It is wielding a +0 whip.
A sourceless malevolence fills the Dungeon...
You fall into a shaft and drop 1 floor!
The shaft crumbles and collapses.
An adder, a hound, a necrophage and a black bear come into view.
The black bear growls angrily.
The hound barks!
Unknown command.
Unknown command.
An iguana comes into view.
A bullfrog comes into view.
The hound closely misses you. The hound barely misses you.
The adder hisses angrily.
You hit the hound. You grab the hound. Your squeeze misses the hound.
You constrict the hound. You block the hound's attack.
You hit the hound. You squeeze the hound!
You kill the hound!
Your Short Blades skill increases to level 7!
You hit the necrophage. You grab the necrophage.
You constrict the necrophage, but do no damage.
The bullfrog gives a loud, deep croak!
The iguana hisses angrily.
You hear a shout!
You block the necrophage's attack.
Edmund the Younger comes into view.
He is wielding a +7 flail of draining.
Unknown command.
You hit the necrophage. You constrict the necrophage.
The necrophage hits you but does no damage.
Unknown command.
As you read the scroll labelled ROYPHA SIVI, it crumbles to dust.
You feel strangely unstable.
It was a scroll of teleportation.
You constrict the necrophage. The adder bites you. The black bear bites you.
The black bear claws you. The black bear misses you.
The necrophage hits you but does no damage. 😕 HP[-10]
You take 10 damage, and now have 36/46 hp.
MASSIVE DAMAGE!! (PAUSE) Unknown command.
You release your grip on the necrophage.
The iguana bites you! You block the adder's attack. 😮 HP[-11]
You take 11 damage, and now have 25/46 hp.
MASSIVE DAMAGE!! (PAUSE) Unknown command.
The iguana attacks as you move away! You block the iguana's attack.
The black bear attacks as you move away!
The black bear bites you!
* * * LOW HITPOINT WARNING * * *
The black bear claws you but does no damage.
The black bear claws you.
* * * LOW HITPOINT WARNING * * *
Edmund hits you with a +7 flail of draining!!
You die...

Skill      XL: |  1  2  3  4  5  6  7 |
---------------+----------------------+-----
Stealth        | 2 4 5 |  5.1
Short Blades   | 4 6 7 |  7.0
Fighting       | |  3.0
Spellcasting   | |  1.0
Fire Magic     | |  3.0

Action                   |  1- 3 |  4- 6 |  7- 9 || total
-------------------------+-------+-------+-------++-------
Melee: Short sword       |    66 |    91 |    15 ||   172
       Constrict         |    17 |    19 |     5 ||    41
       Tentacles         |    14 |    15 |     4 ||    33
       Punch             |       |     2 |       ||     2
Invok: Foxfire Swarm     |     2 |     1 |     1 ||     4
Evoke: Wand              |       |       |     2 ||     2
  Use: Scroll            |       |       |     1 ||     1
       Potion            |       |       |     1 ||     1
 Stab: Sleeping          |    10 |    10 |     1 ||    21
       Paralysed         |       |       |     1 ||     1
Armor: Skin              |    12 |     5 |     3 ||    20
Dodge: Dodged            |    38 |    29 |     7 ||    74
Block: Buckler           |       |    18 |    12 ||    30
       Reflection        |       |     1 |       ||     1

Levels and vault maps discovered:
D:1:      ebering_trefoil_twist, layout_rooms, shapermc_ecumenical_altar_petra
D:2:      layout_basic
D:3:      layout_rooms, guppyfry_early_orc_mine, uniq_sigmund
D:4:      layout_cave_pods, nemelex_xobeh_ov_fountains_minmay,
          uniq_crazy_yiuf_cottage
D:5:      layout_rooms, kennysheep_mini, mainiacjoe_overflow_alcove_2
D:6:      layout_rooms, st_stairs_5, nicolae_shop_unique_rings,
          serial_bayou_pond_e, uniq_edmund

Notes
Turn   | Place    | Note
-------+----------+-------------------------------------------
     0 | D:1      | spaghetti the Octopode Cinder Acolyte began the quest for
                  | the Orb.
     0 | D:1      | Reached XP level 1. HP: 16/16 MP: 2/2
     0 | D:1      | magus.rc [v1.9.6]
    22 | D:1      | Reached skill level 1 in Stealth
    27 | D:1      | You pick up a book of Scorching and begin reading...
    27 | D:1      | You add the spells Flame Wave and Summon Cactus Giant to
                  | your library.
    94 | D:1      | HP: 4/16 [giant cockroach (2)]
    95 | D:1      | HP: 1/16 [giant cockroach (1)]
    97 | D:1      | Reached skill level 2 in Stealth
    97 | D:1      | Reached XP level 2. HP: 2/21 MP: 3/3
   783 | D:1      | Found a faded altar of an unknown god.
   922 | D:2      | Reached XP level 3. HP: 26/26 MP: 4/4
  1363 | D:2      | Reached skill level 4 in Short Blades
  1560 | D:2      | Reached XP level 4. HP: 27/31 MP: 5/5
  2054 | D:2      | You pick up a book of Air and begin reading...
  2054 | D:2      | You add the spells Shock, Swiftness and Airstrike to your
                  | library.
  2301 | D:3      | Noticed Sigmund
  2308 | D:3      | Killed Sigmund
  2309 | D:3      | Reached skill level 6 in Short Blades
  2309 | D:3      | Reached XP level 5. HP: 13/36 MP: 6/6
  2309 | D:3      | Reached XP level 6. HP: 16/42 MP: 7/7
  2894 | D:3      | Reached skill level 3 in Stealth
  3353 | D:4      | Found a sparkling altar of Nemelex Xobeh.
  3443 | D:4      | Reached skill level 4 in Stealth
  3869 | D:4      | Reached XP level 7. HP: 41/46 MP: 8/8
  3994 | D:4      | HP: 3/46 [ogre/+0 giant spiked club (27)]
  4005 | D:5      | Entered Level 5 of the Dungeon
  4010 | D:5      | Reached skill level 5 in Stealth
  4230 | D:5      | You fall into a shaft and drop 1 floor!
  4237 | D:6      | Reached skill level 7 in Short Blades
  4237 | D:6      | Noticed Edmund
  4241 | D:6      | Slain by Edmund

Vanquished Creatures
  Sigmund (D:3)
  An ogre (D:4)
  A jelly (D:5)
  A hound (D:6)
  3 iguanas (D:4)
  5 adders
  2 dart slugs
  6 orcs
  6 bats
  5 endoplasms
  3 giant cockroaches
  10 goblins
  9 hobgoblins
  6 jackals (D:2)
  7 quokkas
  2 ball pythons
  5 frilled lizards
  9 kobolds
  6 rats
88 creatures vanquished.

Vanquished Creatures (others)
  45 foxfires
45 creatures vanquished.

Grand Total: 133 creatures vanquished

Table legend:
 A = Non-vault XP
 B = Vault XP
 C = Vault XP percentage of total XP
 D = Non-vault monster count
 E = Vault monster count
 F = Vault count percentage of total count
                 A         B        C        D         E       F
            +---------+---------+-------+---------+---------+-------
      Total |     503 |     231 |  31.5 |      80 |       8 |   9.1
            +---------+---------+-------+---------+---------+-------
        D:1 |      32 |       0 |   0.0 |      21 |       0 |   0.0
        D:2 |      85 |       0 |   0.0 |      28 |       0 |   0.0
        D:3 |      47 |     231 |  83.1 |      14 |       8 |  36.4
        D:4 |     251 |       0 |   0.0 |      14 |       0 |   0.0
        D:5 |      46 |       0 |   0.0 |       2 |       0 |   0.0
        D:6 |      42 |       0 |   0.0 |       1 |       0 |   0.0
            +---------+---------+-------+---------+---------+-------

Illustrated notes

Table legend:
 A = Kills in this place as a percentage of kills in entire the game.
 B = Kills by you in this place as a percentage of kills by you in the entire game.
 C = Kills by friends in this place as a percentage of kills by friends in the entire game.
 D = Other kills in this place as a percentage of other kills in the entire game.
 E = Experience gained in this place as a percentage of experience gained in the entire game.
 F = Experience gained in this place divided by the number of levels of this place that you have seen.
                   A       B       C       D       E      F
               +-------+-------+-------+-------+-------+----------------------
         Total | 100.0 | 100.0 |   N/A |   N/A | 100.0 | 122.3
       Dungeon | 100.0 | 100.0 |   N/A |   N/A | 100.0 | 122.3
               +-------+-------+-------+-------+-------+----------------------

Table legend: (Time is in decaauts)
 A = Elapsed time spent in this place.
 B = Non-inter-level travel time spent in this place.
 C = Inter-level travel time spent in this place.
 D = Time resting spent in this place.
 E = Time spent auto-exploring this place.
 F = Levels seen in this place.
 G = Mean time per level.
                   A        B        C        D        E       F      G
               +--------+--------+--------+--------+--------+-----+--------+
         Total |   4216 |   4133 |     83 |   1190 |   2357 |   6 |  702.7 |
       Dungeon |   4216 |   4133 |     83 |   1190 |   2357 |   6 |  702.7 |
               +--------+--------+--------+--------+--------+-----+--------+

Top non-repeatable levels by time:
     D:2: 1396 daAuts
     D:3: 956 daAuts
     D:1: 898 daAuts
     D:4: 731 daAuts
     D:5: 224 daAuts
     D:6: 10 daAuts
